 Dungeon Crawl Stone Soup version bcrawl-1.20 (webtiles) character file.

Game seed: 14684080482038767307

46 MisterOstroum the Covered (level 3, -1/22 HPs)
             Began as a Gargoyle Wanderer on Jan 20, 2020.
             Slain by a quokka (3 damage)
             ... on level 2 of the Dungeon.
             The game lasted 00:03:04 (1920 turns).

MisterOstroum the Covered (Gargoyle Wanderer)       Turns: 1920, Time: 00:03:04

Health: -1/22      AC:  8    Str: 18    XL:     3   Next: 66%
Magic:  3/3        EV: 10    Int: 11    God:
Gold:   34         SH:  0    Dex:  8    Spells: 2/2 levels left

rFire    . . .     SeeInvis .   a - +0 whip
rCold    . . .     Gourm    .   (no shield)
rNeg     + . .     Faith    .   d - +0 ring mail
rPois    ∞         Spirit   .   (no helmet)
rElec    +         Reflect  .   (no cloak)
rCorr    .         Harm     .   (no gloves)
MR       .....                  (no boots)
Stlth    +.........             (no amulet)
HPRegen  0.07/turn              (no ring)
MPRegen  0.08/turn              (no ring)

@: no status effects
A: negative energy resistance 1, electricity resistance, unbreathing,
petrification resistance, rot immunity, AC +3
a: no special abilities


You were on level 2 of the Dungeon.
You were not hungry.

You visited 1 branch of the dungeon, and saw 2 of its levels.

You collected 34 gold pieces.

Inventory:

Hand Weapons
 a - a +0 whip (weapon)
 b - a +0 hand crossbow
Missiles
 c - 109 bolts
 h - 99 stones (quivered)
Armour
 d - a +0 ring mail (worn)
 g - a +0 shield
Jewellery
 m - a cursed amulet of inaccuracy {unknown}
Scrolls
 i - a scroll of teleportation {unknown}
 j - 4 scrolls of identify {unknown}
Potions
 k - a potion of curing {unknown}
 l - a potion of ambrosia {unknown}
Comestibles
 e - 2 rations {!d}
 f - 2 chunks of flesh


   Skills:
 * Level 2.8 Fighting
   Level 1.0(1.1) Axes
   Level 1.0(1.1) Polearms
 + Level 0.8 Crossbows
 - Level 1.0 Throwing
 - Level 3.2 Armour
 * Level 2.5 Stealth
 + Level 1.7 Shields
 * Level 0.9 Unarmed Combat


You had 2 spell levels left.
You didn't know any spells.
Your spell library was empty.

Dungeon Overview and Level Annotations

Branches:
Dungeon (2/12)

Altars:

Annotations:
D:1 1 exclusion


Innate Abilities, Weirdness & Mutations

You are resistant to torment.
Your stone body is resilient. (AC +3)
You are immune to poison.
You resist negative energy. (rN+)
You are resistant to electric shocks. (rElec)
You can survive without breathing.
You are immune to petrification.
You are immune to rotting.


Message History

You barely miss the jackal.
The jackal is almost dead.
The jackal bites you.
You hit the jackal.
You kill the jackal!
You barely miss the jackal. The jackal barely misses you.
You hit the jackal.
The jackal is almost dead.
The jackal bites you. The jackal barely misses you.
You miss the jackal.
The jackal is almost dead.
The jackal barely misses you.
You closely miss the jackal.
The jackal is almost dead.
The jackal bites you but does no damage.
The jackal barely misses you.
You hit the jackal.
You kill the jackal!
No target in view!
No target in view!
No target in view!
No target in view!
No target in view!
No target in view!
No target in view!
No target in view!
No target in view!
No target in view!
No target in view!
No target in view!
No target in view!
No target in view!
No target in view!
You butcher the jackal corpse.
f - 2 chunks of flesh You see here a jackal skeleton. x2
Found a stone staircase leading down.
A quokka comes into view.
A quokka is nearby!
A quokka is nearby!
You barely miss the quokka.
The quokka bites you but does no damage.
The quokka bites you.
You completely miss the quokka.
The quokka bites you but does no damage.
You closely miss the quokka. The quokka closely misses you.
You miss the quokka. The quokka bites you.
You closely miss the quokka.
The quokka bites you but does no damage.
You hit the quokka but do no damage. The quokka completely misses you.
The quokka bites you.
You hit the quokka.
The quokka is moderately wounded.
The quokka bites you but does no damage.
You barely miss the quokka.
The quokka is moderately wounded.
The quokka barely misses you.
You hit the quokka but do no damage.
The quokka is moderately wounded.
The quokka bites you.
You are too injured to fight recklessly!
You are too injured to fight recklessly!
You are too injured to fight recklessly!
You are too injured to fight recklessly!
You are too injured to fight recklessly!
You are too injured to fight recklessly!
You are too injured to fight recklessly!
You are too injured to fight recklessly!
You are too injured to fight recklessly!
You are too injured to fight recklessly!
You are too injured to fight recklessly!
You are too injured to fight recklessly!
You are too injured to fight recklessly!
You are too injured to fight recklessly!
You are too injured to fight recklessly!
You are too injured to fight recklessly!
You are too injured to fight recklessly!
You are too injured to fight recklessly!
You are too injured to fight recklessly!
You are too injured to fight recklessly!
Wield which item (- for none, * to show all)? (? for menu, Esc to quit)
a - a +0 whip (weapon)
The quokka bites you.
You hit the quokka but do no damage.
The quokka is moderately wounded.
The quokka bites you.
* * * LOW HITPOINT WARNING * * *
You hit the quokka but do no damage.
The quokka is moderately wounded.
The quokka barely misses you.
You closely miss the quokka.
The quokka is moderately wounded.
The quokka bites you.
* * * LOW HITPOINT WARNING * * *
The quokka bites you.
* * * LOW HITPOINT WARNING * * *
You hit the quokka.
The quokka is almost dead.
The quokka bites you.
You die...

.......# ##.#
.......# #.##.#
.......# #.##.#
.......+ #.##.#
.......# #.##.#
.........# #.##.#
........## #.##.#
........# #.##r#
#######.##.##.##@#
.# .##.....#.#
.######.######.#.#
.'....... #...#
.######.# #...#
...# #...# #..#
#.#>. ...# #.#.##
..<# ..#.#


You could see a quokka.

Vanquished Creatures
  An ooze (D:1)
  2 worms
  2 dart slugs
  3 leopard geckos (D:1)
  A bat (D:2)
  2 goblins (D:1)
  3 hobgoblins (D:1)
  4 jackals (D:2)
  A kobold (D:1)
  A quokka (D:1)
  2 frilled lizards (D:1)
  5 rats
27 creatures vanquished.

Notes
Turn   | Place    | Note
-------+----------+-------------------------------------------
     0 | D:1      | MisterOstroum the Gargoyle Wanderer began the quest for the
                  | Orb.
     0 | D:1      | MisterOstroum set off with the following items: a +0 hand
                  | crossbow, a +0 shield, 113 bolts, a +0 ring mail, a ration
                  | {!d}
     0 | D:1      | Reached XP level 1. HP: 12/12 MP: 1/1
   380 | D:1      | Reached XP level 2. HP: 15/18 MP: 2/2
  1131 | D:1      | Reached XP level 3. HP: 21/22 MP: 3/3
  1920 | D:2      | Slain by a quokka

Skill      XL: |  1  2 |
---------------+-------+-----
Stealth        | 2 |  2.5
Fighting       | |  2.8
Axes           | |  1.0
Polearms       | |  1.0
Crossbows      | |  0.8
Throwing       | |  1.0
Armour         | |  3.2
Shields        | |  1.7
Unarmed Combat | |  0.9

Action                   || total
-------------------------++-------
Melee: Unarmed           ||    94
       Whip              ||    75
 Fire: Hand crossbow     ||     4
Throw: Stone             ||     9
 Stab: Sleeping          ||     1
  Eat: Chunk             ||     3
Armor: Ring mail         ||    74
Dodge: Dodged            ||    54
Block: Shield            ||    16
